 Dungeon Sprint DCSS version 0.31-a0-986-g5e6e4ef867 (webtiles) character file.

Game seed: 8929862138706931378

579 fozzywoppz the Covert (level 7, -3/32 HPs)
             Began as a Spriggan Enchanter on Nov 10, 2023.
             Was an Initiate of Sif Muna.
             Slain by a human (12 damage)
             ... in the Dungeon (Sprint III: "The Ten Rune Challenge").
             The game lasted 00:02:59 (322 turns).

fozzywoppz the Covert (Spriggan Enchanter)           Turns: 322, Time: 00:03:00

Health: -3/32      AC:  2    Str: 10    XL:     7   Next: 13%
Magic:  14/19      EV: 23    Int: 16    God:    Sif Muna [......]
Gold:   33         SH:  0    Dex: 14    Spells: 17/22 levels left

rFire   . . .        a - +1 dagger
rCold   . . .        (no shield)
rNeg    . . .        b - +0 robe
rPois   .            (helmet restricted)
rElec   .            (no cloak)
rCorr   .            (gloves unavailable)
SInv    +            (boots unavailable)
Will    +....        (no amulet)
Stlth   +++++        (no ring)
HPRegen 0.25/turn    (no ring)
MPRegen 0.16/turn

%: no teleportation
@: confusing by touch, very quick
A: very small, no large weapons, unfitting armour, see invisible, speed 3,
hooves 1, strong 1, no potion heal 1
a: Renounce Religion


You were in the Dungeon.
You worshipped Sif Muna.
Sif Muna was noncommittal.
You visited 1 branch You collected 33 gold pieces.

Inventory:

Hand Weapons
 a - a +1 dagger (weapon)
Armour
 b - a +0 robe (worn)
Scrolls
 i - a scroll of blinking
 j - a scroll of torment
 m - a scroll of immolation
Potions
 c - 3 potions of invisibility
 d - 2 potions of curing
 e - 5 potions of mutation
 f - a potion of haste
 g - 2 potions of magic
 h - a potion of berserk rage
 l - a potion of might
 n - 2 potions of enlightenment


   Skills:
 + Level 8.7 Short Blades
 + Level 11.0 Dodging
 + Level 12.8 Stealth
 - Level 8.0 Spellcasting
 - Level 5.0 Hexes


You had 17 spell levels left.
You knew the following spells:

 Your Spells              Type           Power      Damage    Failure   Level
a - Confusing Touch       Hex            22%        N/A       4%          3
b - Ensorcelled Hibernat  Hex/Ice        28%        N/A       6%          2

Your spell library contained the following spells:

 Spells                   Type           Power      Damage    Failure   Level
 Tukima's Dance           Hex            22%        N/A       4%          3
 Sting                    Tmut/Pois      24%        1d4       11%         1
 Dazzling Flash           Conj/Hex       28%        N/A       12%         3
 Poisonous Vapours        Pois/Air       12%        N/A       17%         2
 Olgreb's Toxic Radiance  Pois           6%         N/A       73%         4


Dungeon Overview and Level Annotations

Branches:
Dungeon (1/1)

Altars:
Elyvilon
Kikubaaqudgha
Okawaru
Sif Muna
Trog
Uskayaw
Vehumet
Wu Jian
Zin
The Shining One


Innate Abilities, Weirdness & Mutations

You are very small and have problems with some larger weapons.
You are too small for most types of armour.
You have supernaturally acute eyesight. (SInv)
You cover ground extremely quickly. (Speed+++)
You have large cloven feet.
Your muscles are strong. (Str +4, Int/Dex -1)
Potions are less effective at restoring your health.


Message History

You hit the human.
The human is lightly wounded.
You hit the human but do no damage. You kick the human.
The human is lightly wounded.
The human barely misses you.
You hit the human but do no damage.
The human is lightly wounded.
The human barely misses you.
You barely miss the human.
The human is lightly wounded.
The human closely misses you.
You hit the human. Your kick misses the human.
The human is lightly wounded.
The human misses you.
You hit the human but do no damage. Your kick misses the human.
The human is lightly wounded.
The human hits you.
Casting: Confusing Touch (dangerous; 4% risk of failure)
Confirm with . or Enter, or press ? or * to list all spells.
Your hands begin to glow red.
The human hits you!
Your magical contamination has completely faded away.
You completely miss the human.
The human is lightly wounded.
The human hits you.
You completely miss the human.
The human is lightly wounded.
The human closely misses you.
You closely miss the human.
The human is lightly wounded.
You closely miss the human. You kick the human.
The human is moderately wounded.
The human barely misses you.
You hit the human but do no damage. You kick the human, but do no damage.
The human is moderately wounded.
The human hits you.
* * * LOW HITPOINT WARNING * * *
You closely miss the human. Your kick misses the human.
The human is moderately wounded.
The human hits you!
You die...

▓ ▓▓▓ ####
##.#########
...#####..#___#___#
.)..#..#..#...#__)#
#...#..#..###'#p###+##
##..##'#..#.....@....#
##..###...'.⌠........#
#..####...#...######+#
#..###....#.⌠.#
...##.....#...#
...#......#'###
.##.#.....#.))# .
####....#___# ▓
▓▓▓▓▓▓▓▓▓▓


You could see a human (berserk).

Vanquished Creatures
  A deep elf pyromancer (D)
  A water elemental (D)
  Jessica (D)
  An arcanist (D)
  A human (D)
  A kobold demonologist (D)
  A phantom (D)
  2 endoplasms (D)
9 creatures vanquished.

Notes
Turn   | Place    | Note
-------+----------+-------------------------------------------
     0 | D        | fozzywoppz the Spriggan Enchanter began the quest for the
                  | Orb.
     0 | D        | Reached XP level 1. HP: 9/9 MP: 5/5
    24 | D        | Noticed Jessica
    39 | D        | Killed Jessica
    40 | D        | Reached skill level 6 in Stealth
    40 | D        | Reached XP level 2. HP: 7/13 MP: 6/8
    40 | D        | Reached XP level 3. HP: 8/16 MP: 6/9
    83 | D        | Learned a level 3 spell: Confusing Touch
   127 | D        | Learned a level 2 spell: Ensorcelled Hibernation
   187 | D        | Reached skill level 5 in Hexes
   207 | D        | Gained mutation: Potions are less effective at restoring
                  | your health. [potion of mutation]
   207 | D        | Gained mutation: You have large cloven feet. [potion of
                  | mutation]
   207 | D        | Gained mutation: Your muscles are strong. (Str +4, Int/Dex
                  | -1) [potion of mutation]
   210 | D        | Noticed a water elemental
   215 | D        | Killed a water elemental
   216 | D        | Reached skill level 5 in Short Blades
   216 | D        | Reached skill level 8 in Stealth
   216 | D        | Reached skill level 5 in Spellcasting
   216 | D        | Reached XP level 4. HP: 21/21 MP: 10/12
   220 | D        | Found a radiant altar of Vehumet.
   221 | D        | Found a shimmering blue altar of Sif Muna.
   221 | D        | Found an ancient bone altar of Kikubaaqudgha.
   221 | D        | Noticed an arcanist
   222 | D        | Killed an arcanist
   223 | D        | Reached XP level 5. HP: 24/24 MP: 10/14
   230 | D        | Became a worshipper of Sif Muna the Loreminder
   238 | D        | Found a glowing silver altar of Zin.
   238 | D        | Found a glowing golden altar of the Shining One.
   238 | D        | Found a white marble altar of Elyvilon.
   238 | D        | Noticed a deep elf pyromancer
   246 | D        | Killed a deep elf pyromancer
   247 | D        | Reached skill level 12 in Stealth
   247 | D        | Reached XP level 6. HP: 16/28 MP: 11/18
   247 | D        | Reached XP level 7. HP: 18/32 MP: 11/19
   301 | D        | Found a hide-covered altar of Uskayaw.
   301 | D        | Found an iron altar of Okawaru.
   301 | D        | Found a bloodstained altar of Trog.
   301 | D        | Found an ornate altar of the Wu Jian Council.
   301 | D        | Noticed a human
   302 | D        | Noticed a human
   322 | D        | Slain by a human

Illustrated notes

Levels and vault maps discovered:
D:        dungeon_sprint_mu [sprint_mu_entry_cave, sprint_mu_temple_rooms,
          sprint_mu_d1_horrors, sprint_mu_d2_genie, sprint_mu_d3_branching,
          sprint_mu_orc_legion, sprint_mu_elf_gauntlet, sprint_mu_hive_nellie,
          sprint_mu_lair_fedhas, sprint_mu_vaults_butterflies,
          sprint_mu_slime_circle, sprint_mu_swamp_cave, sprint_mu_shoals_archi,
          sprint_mu_blade_basic, sprint_mu_crypt_lich, sprint_mu_tomb_spiral,
          sprint_mu_vestibule_basic, sprint_mu_gehenna_hellfire,
          sprint_mu_dis_giant, sprint_mu_tartarus_statrot,
          sprint_mu_cocytus_islands, sprint_mu_zot1]

Skill      XL: |  1  2  3  4  5 |
---------------+----------------+-----
Dodging        | 4 6 11 | 11.0
Spellcasting   | 4 5 6 8 |  8.0
Short Blades   | 3 5 8 |  8.7
Stealth        | 6 8 12 | 12.8
Hexes          | 4 5 |  5.0

Action                     |  1- 3 |  4- 6 |  7- 9 || total
---------------------------+-------+-------+-------++-------
  Melee: Dagger            |    41 |     7 |    15 ||    63
         Kick              |     3 |     2 |     4 ||     9
   Cast: Confusing Touch   |     1 |     1 |     1 ||     3
         Ensorcelled Hiber |     1 |       |       ||     1
    Use: Potion            |     2 |       |       ||     2
         Scroll            |     3 |       |       ||     3
   Stab: Sleeping          |     4 |     2 |       ||     6
         Confused          |     1 |     2 |       ||     3
 Armour: Robe              |    10 |     2 |     6 ||    18
  Dodge: Dodged            |    23 |     2 |    11 ||    36

Table legend: (Time is in decaauts)
 A = Elapsed time spent in this place.
 B = Non-inter-level travel time spent in this place.
 C = Inter-level travel time spent in this place.
 D = Time resting spent in this place.
 E = Time spent auto-exploring this place.
 F = Levels seen in this place.
 G = Mean time per level.
                   A        B        C        D        E       F      G
               +--------+--------+--------+--------+--------+-----+--------+
         Total |    251 |    251 |      0 |     86 |      0 |   1 |  251.0 |
       Dungeon |    251 |    251 |      0 |     86 |      0 |   1 |  251.0 |
               +--------+--------+--------+--------+--------+-----+--------+

Top non-repeatable levels by time:
       D: 251 daAuts
